 Dungeon Crawl Stone Soup version 0.27.0-1-g7a089689b8 (webtiles) character file.

Game seed: 16634723903046646420

42 ZombieSheep the Skirmisher (level 3, -1/35 HPs)
             Began as a Gnoll Wanderer on Aug 7, 2021.
             Was a Believer of Fedhas.
             Slain by Terence (8 damage)
             ... on level 3 of the Dungeon.
             The game lasted 00:03:34 (1940 turns).

ZombieSheep the Skirmisher (Gnoll Wanderer)         Turns: 1940, Time: 00:03:35

Health: -1/35      AC:  5    Str: 15    XL:     3   Next: 54%
Magic:  4/4        EV: 11    Int: 11    God:    Fedhas [**....]
Gold:   5          SH:  0    Dex:  8    Spells: 3/3 levels left

rFire    . . .     SeeInvis .   b - +0 spear
rCold    . . .     Faith    .   (no shield)
rNeg     . . .     Spirit   .   f - +0 ring mail
rPois    .         Reflect  .   (no helmet)
rElec    .         Harm     .   (no cloak)
rCorr    .         Rampage  .   (no gloves)
Will     .....                  (no boots)
Stlth    ++........             (no amulet)
HPRegen  0.11/turn              (no ring)
MPRegen  0.09/turn              (no ring)

@: no status effects
A: fangs 1, strong nose, distributed training
a: Renounce Religion, Wall of Briars


You were on level 3 of the Dungeon.
You worshipped Fedhas.
Fedhas was pleased with you.
You visited 1 branch of the dungeon, and saw 3 of its levels.

You collected 5 gold pieces.

Inventory:

Hand Weapons
 a - a +2 dagger
 b - a +0 spear (weapon)
Missiles
 j - 100 stones (quivered)
Armour
 e - a +0 robe
 f - a +0 ring mail (worn)
Scrolls
 d - a scroll of blinking
 g - a scroll of amnesia {unknown}
Potions
 c - a potion of curing
 h - a potion of mutation


   Skills:
 + Level 6.5 Fighting
 + Level 0.8 Short Blades
 + Level 0.8 Long Blades
 + Level 0.8 Axes
 + Level 0.8 Maces & Flails
 + Level 4.5 Polearms
 + Level 0.8 Staves
 + Level 0.8 Slings
 + Level 0.8 Bows
 + Level 0.8 Crossbows
 + Level 2.6 Throwing
 + Level 0.8 Armour
 + Level 2.6 Dodging
 + Level 4.1 Stealth
 + Level 2.6 Shields
 + Level 0.8 Unarmed Combat
 + Level 0.8 Spellcasting
 + Level 0.5 Conjurations
 + Level 0.5 Hexes
 + Level 0.5 Summonings
 + Level 0.5 Necromancy
 + Level 0.5 Translocations
 + Level 0.5 Transmutations
 + Level 0.5 Fire Magic
 + Level 0.5 Ice Magic
 + Level 0.5 Air Magic
 + Level 0.5 Earth Magic
 + Level 0.5 Poison Magic
 + Level 1.0 Invocations
 + Level 0.8 Evocations


You had 3 spell levels left.
You didn't know any spells.
Your spell library contained the following spells:

 Spells                   Type           Power      Damage    Failure   Level
 Magic Dart               Conj           4%         1d3       45%         1
 Call Imp                 Summ           1%         N/A       61%         2
 Mephitic Cloud           Conj/Pois/Air  1%         N/A       83%         3


Dungeon Overview and Level Annotations

Branches:
Dungeon (3/15)

Altars:
Fedhas

Shops:
D:3 (

Annotations:
D:2 Sigmund
D:3 Terence


Innate Abilities, Weirdness & Mutations

You have very sharp teeth.
Your uncanny sense of smell can sniff out nearby items.
Your experience applies equally to all skills.


Message History

Terence closely misses you.
You barely miss Terence.
Terence is lightly wounded.
You hit Terence but do no damage. You bite Terence, but do no damage.
Terence is lightly wounded.
Terence hits you but does no damage.
You hit Terence but do no damage.
Terence is lightly wounded.
Terence closely misses you.
You hit Terence. You bite Terence, but do no damage.
Terence is moderately wounded.
Terence hits you with a +0 flail.
You closely miss Terence.
Terence is moderately wounded.
Terence hits you with a +0 flail.
* * * LOW HITPOINT WARNING * * *
You hit Terence.
Terence is heavily wounded.
Terence hits you with a +0 flail.
* * * LOW HITPOINT WARNING * * *
You barely miss Terence.
Terence is heavily wounded.
Terence closely misses you.
You hit Terence. Your bite misses Terence.
Terence is severely wounded.
You hit Terence but do no damage. You bite Terence, but do no damage.
Terence is severely wounded.
Terence closely misses you.
You hit Terence but do no damage.
Terence is severely wounded.
Terence barely misses you.
You barely miss Terence. Your bite misses Terence.
Terence is severely wounded.
Terence hits you with a +0 flail.
* * * LOW HITPOINT WARNING * * *
You hit Terence.
Terence is severely wounded.
Terence hits you with a +0 flail!
You die...
Fedhas appreciates your contribution to the ecosystem.

##++
#8...
#....
#..(.
##...♣
##...♣
##..@♣
#8.@♣
#...♣
+...♣
+...#
.#
+...♣
#.
#...♣
.##
#8..♣♣
♣. ..
## ..
##...♣♣
♣.. #
#..
#.###
##...♣♣
♣...


You could see Terence.

Vanquished Creatures
  A dart slug (D:1)
  6 ball pythons
  5 bats (D:1)
  5 endoplasms
  5 goblins
  6 hobgoblins
  2 jackals (D:3)
  2 quokkas (D:1)
  A frilled lizard (D:1)
  A rat (D:1)
34 creatures vanquished.

Notes
Turn   | Place    | Note
-------+----------+-------------------------------------------
     0 | D:1      | ZombieSheep the Gnoll Wanderer began the quest for the Orb.
     0 | D:1      | ZombieSheep set off with the following items: a +2 dagger,
                  | a scroll of blinking, a potion of curing, a +0 spear, a +0
                  | robe
     0 | D:1      | Reached XP level 1. HP: 23/23 MP: 1/1
   366 | D:1      | Reached XP level 2. HP: 16/29 MP: 2/2
   611 | D:1      | Found a faded altar of an unknown god.
   623 | D:1      | Became a worshipper of Fedhas Madash
   623 | D:1      | Reached * piety under Fedhas
  1177 | D:1      | Reached XP level 3. HP: 24/35 MP: 3/3
  1583 | D:2      | Noticed Sigmund
  1713 | D:3      | Found Xeipn's Weapon Boutique.
  1765 | D:3      | Reached skill level 1 in Invocations
  1782 | D:3      | Reached ** piety under Fedhas
  1909 | D:3      | Noticed Terence
  1940 | D:3      | Slain by Terence

Illustrated notes

Levels and vault maps discovered:
D:1:      nzn_arrival_settlement, layout_basic,
          shapermc_ecumenical_altar_notcrosses
D:2:      layout_basic, uniq_robin, uniq_sigmund
D:3:      layout_basic, serial_shops, nicolae_shop_crystal,
          minmay_misc_feat_rugged, kennysheep_donut, hex_medium,
          nrook_mini_vaults, hex_tiny, uniq_terence

Skill      XL: |  1  2  3 |
---------------+----------+-----
Invocations    | 1 |  1.0
Fighting       | |  6.5
Short Blades   | |  0.8
Long Blades    | |  0.8
Axes           | |  0.8
Maces & Flails | |  0.8
Polearms       | |  4.5
Staves         | |  0.8
Slings         | |  0.8
Bows           | |  0.8
Crossbows      | |  0.8
Throwing       | |  2.6
Armour         | |  0.8
Dodging        | |  2.6
Stealth        | |  4.1
Shields        | |  2.6
Unarmed Combat | |  0.8
Spellcasting   | |  0.8
Conjurations   | |  0.5
Hexes          | |  0.5
Summonings     | |  0.5
Necromancy     | |  0.5
Translocations | |  0.5
Transmutations | |  0.5
Fire Magic     | |  0.5
Ice Magic      | |  0.5
Air Magic      | |  0.5
Earth Magic    | |  0.5
Poison Magic   | |  0.5
Evocations     | |  0.8

Action                   || total
-------------------------++-------
Melee: Spear             ||   158
       Bite              ||    15
  Use: Scroll            ||     2
       Potion            ||     1
 Stab: Sleeping          ||     9
Armor: Ring mail         ||    44
Dodge: Dodged            ||    60
